Map: Curious Minds LE

Players

Cobb

  • Race: Terran Terran
  • League: Silver

DikPound - Winner!

  • Race: Terran Terran
  • League: Gold

VOD

Have the link to the VOD?

Description

Time

  • Played on: March 8, 2022, 4:09 a.m.
  • Length: 33:30
Show
View Real Time Build Order
Export as new Build Order

Cobb Terran 

Build Orders:  

Get SALT Encoding   

  12  0:01  SCV  
  13  0:16  Supply Depot  
  13  0:17  SCV  
  14  0:29  SCV  
  15  0:39  Barracks  
  15  0:41  SCV  
  16  0:46  Refinery  
  16  0:54  SCV  
  17  1:10  SCV  
  18  1:22  SCV  
  19  1:26  Marine  
  20  1:38  SCV  
  20  1:39  Command Center  
  21  2:01  Marine  
  22  2:05  Bunker  
  22  2:06  Barracks  
  20  2:15  Orbital Command  
  22  2:19  Marine  
  21  2:48  Marine  
  21  3:05  Factory  
  21  3:08  Marine  
  21  3:12  Barracks, SCV  
  23  3:13  SCV  
  23  3:22  Marine  
  20  3:50  Marine  
  20  3:54  Marine  
  22  3:56  Factory Tech Lab  
  22  3:58  SCV  
  23  4:03  Starport  
  23  4:05  SCV  
  24  4:10  SCV  
  25  4:17  Marine  
  25  4:22  SCV  
  25  4:28  Marine  
  25  4:31  Siege Tank  
  19  4:53  Marine x2  
  14  5:07  SCV x2  
  11  5:28  SCV  
  11  5:29  SCV  
  12  5:36  Marine x2  
  14  5:48  SCV  
  14  5:49  SCV  
  16  5:54  Marine x2  
  16  6:01  SCV  
  16  6:08  SCV  
  17  6:11  Marine  
  17  6:12  Marine  
  19  6:23  Factory Tech Lab  
  19  6:24  Starport Tech Lab  
  18  6:29  Marine x2, SCV x2  
  22  6:41  SCV  
  22  6:43  Orbital Command  
  23  6:47  Marine x2  
  23  6:53  SCV  
  26  7:09  Bunker  
  26  7:12  Marine x2  
  28  7:17  SCV  
  19  8:00  Marine x3  
  17  8:17  Marine  
  17  8:18  Marine x2  
  20  8:26  SCV  
  20  8:38  SCV  
  20  8:50  SCV  
  18  8:57  Orbital Command  
  18  9:02  SCV  
  18  9:14  SCV  
  19  9:24  Marine  
  19  9:25  Marine x2  
  19  9:27  SCV  
  23  9:33  Barracks  
  23  9:39  SCV  
  23  9:40  Banshee  
  27  9:57  Refinery  
  27  10:01  Refinery, Engineering Bay  
  27  10:02  SCV x2  
  29  10:07  Marine x3  
  32  10:14  SCV  
  33  10:52  Marine x3  
  33  10:57  Supply Depot  
  36  11:00  Barracks Reactor  
  36  11:01  Supply Depot  
  39  11:18  Siege Tank  
  39  11:21  Marine x2  
  39  11:22  Marine  
  39  11:23  Banshee  
  39  11:36  Marine x2  
  39  11:39  Marine x3  
  42  11:50  Barracks  
  42  11:53  SCV  
  42  11:54  Marine, SCV  
  44  11:58  Siege Tank  
  48  12:05  SCV  
  48  12:06  SCV  
  50  12:17  SCV  
  50  12:18  SCV  
  50  12:30  SCV  
  47  12:48  Orbital Command  
  47  12:52  Marine x3  
  47  12:53  Siege Tank, Marine  
  52  13:10  Engineering Bay  
  51  13:13  Missile Turret  
  51  13:14  Missile Turret  
  48  13:54  Supply Depot  
  48  13:56  SCV x2  
  50  14:03  Missile Turret  
  50  14:08  SCV x2  
  52  14:21  SCV  
  51  15:20  Marine  
  51  15:21  Marine x4  
  54  15:22  Siege Tank  
  54  15:25  Viking  
  61  15:38  Marine  
  59  15:58  Marine  
  59  15:59  Marine x2  
  62  16:05  Supply Depot  
  62  16:08  Supply Depot  
  62  16:10  Marine  
  62  16:11  SCV x2  
  62  16:18  Missile Turret  
  62  16:21  Missile Turret  
  62  16:23  SCV x2  
  64  16:30  Terran Infantry Weapons Level 1  
  64  16:34  Barracks Reactor  
  64  16:35  SCV  
  64  16:36  Barracks Tech Lab x2  
  65  16:44  SCV  
  66  16:47  SCV  
  67  16:56  Marine x5  
  67  16:57  Siege Tank  
  67  16:59  Refinery  
  75  17:04  Refinery  
  75  17:29  Command Center  
  75  17:37  Marine x2  
  75  17:38  Marine x2  
  75  17:39  Siege Tank  
  75  17:41  SCV x2  
  84  18:02  SCV x2  
  86  18:06  Missile Turret  
  86  18:12  Starport  
  86  18:20  Liberator  
  86  18:21  Siege Tank, SCV x2  
  86  18:22  Supply Depot  
  86  18:26  Missile Turret  
  94  18:27  Supply Depot  
  94  18:29  Terran Infantry Armor Level 1  
  94  18:33  SCV  
  95  18:37  Stimpack  
  95  18:49  Missile Turret  
  95  18:53  Orbital Command  
  95  18:58  Armory  
  95  19:07  Missile Turret  
  95  19:08  Marine  
  95  19:09  Marine  
  97  19:26  Orbital Command  
  97  19:30  Marine x5  
  97  19:31  Marine  
  103  19:37  SCV x2  
  105  19:47  Supply Depot  
  105  19:48  Marine x4  
  105  19:49  SCV x2  
  94  20:20  Marine x2  
  94  20:21  Marine x3  
  94  20:22  Marine x2  
  91  20:39  Marine x3  
  91  20:40  Marine x2  
  91  20:42  SCV  
  87  20:43  SCV x2  
  87  20:49  Marine  
  89  20:50  Marine  
  91  20:57  Siege Tank, Marine x4  
  91  20:58  Marine  
  99  21:07  Marine x2  
  101  21:11  Terran Infantry Weapons Level 2  
  101  21:15  Factory, Marine  
  102  21:26  Marine  
  102  21:27  Marine x3  
  102  21:30  Siege Tank  
  106  21:42  Starport Reactor  
  106  21:51  SCV  
  103  22:22  Marine x6  
  96  22:23  Siege Tank  
  96  22:24  Factory Tech Lab  
  96  22:26  Viking x3  
  96  22:28  SCV  
  101  22:38  Marine  
  102  22:46  Marine x4  
  106  22:56  Siege Tank, Medivac  
  111  23:25  Marine x3  
  111  23:26  Marine x2  
  116  23:27  Viking  
  119  23:34  SCV  
  119  23:48  Marine x6  
  119  23:51  Viking  
  124  23:58  Terran Infantry Weapons Level 3  
  124  24:02  SCV x3  
  126  24:08  Viking  
  128  24:10  Viking  
  128  24:14  SCV  
  130  24:31  SCV  
  130  24:32  SCV x2  
  130  24:38  Marine x5  
  134  24:39  Marine  
  134  24:41  Viking  
  141  25:10  SCV x2  
  141  25:23  Siege Tank  
  141  25:24  Siege Tank, SCV  
  134  25:31  Marine x3  
  134  25:32  Viking x2  
  134  25:33  Viking  
  95  27:02  Marine  
  95  27:03  Marine x4  
  95  27:04  Siege Tank x2  
  106  27:13  Liberator, Command Center  
  93  28:09  Marine x3  
  93  28:10  Marine  
  97  28:39  Viking  
  92  29:39  Marine  
  92  29:40  Marine x3  
  94  30:20  Medivac  
  61  32:42  Marine  
  61  32:43  Marine x6  
  53  33:00  Marine x2  
  53  33:01  Marine x3  
Show
View Real Time Build Order
Export as new Build Order

DikPound Terran - Winner!

Build Orders:  

Get SALT Encoding   

  12  0:00  SCV  
  13  0:12  SCV  
  14  0:24  SCV  
  14  0:25  Supply Depot  
  15  0:33  Refinery  
  15  0:46  SCV  
  16  0:55  Barracks  
  16  1:00  SCV  
  17  1:19  Barracks  
  17  1:38  Barracks  
  17  1:51  Reaper  
  18  2:03  Factory  
  18  2:13  Refinery  
  18  2:15  Orbital Command  
  18  2:20  Reaper  
  18  2:46  Reaper  
  19  2:56  Reaper  
  20  3:08  Factory Tech Lab  
  20  3:26  Reaper x2  
  20  3:42  Reaper  
  19  3:58  Reaper  
  19  4:00  Cyclone  
  23  4:11  Supply Depot  
  22  4:32  Reaper  
  22  4:33  Reaper x2  
  25  5:04  Reaper  
  25  5:05  Reaper  
  27  5:28  Reaper  
  25  5:36  Reaper  
  25  5:37  Reaper  
  27  5:54  Siege Tank  
  30  6:18  SCV, Engineering Bay  
  26  6:33  Reaper x2  
  26  6:34  Reaper  
  29  6:43  Starport  
  29  6:53  Widow Mine  
  31  6:55  Supply Depot  
  31  7:01  Engineering Bay  
  31  7:17  SCV, Reaper x2  
  32  7:31  Reaper  
  33  7:49  Reaper x2  
  31  8:03  Reaper  
  31  8:18  Starport Tech Lab  
  31  8:21  Reaper x2  
  33  8:30  SCV  
  34  8:35  Reaper  
  35  8:53  Reaper  
  31  9:30  Command Center  
  31  9:32  Barracks Reactor  
  31  9:33  Barracks Tech Lab x2  
  31  9:52  Banshee  
  32  9:53  Cloaking Field  
  32  9:57  Siege Tank  
  35  10:13  Marine  
  35  10:14  Marine  
  37  10:16  Marauder  
  39  10:21  Supply Depot  
  39  10:23  Supply Depot  
  39  10:39  Marine  
  39  10:42  Marauder  
  38  10:53  Banshee  
  41  11:02  Starport  
  35  11:48  Starport Reactor  
  35  11:49  Viking  
  37  12:01  Missile Turret  
  37  12:03  Cyclone  
  40  12:12  Barracks Reactor  
  40  12:31  Marine  
  40  12:32  Marine  
  40  12:36  Liberator  
  42  12:49  SCV x2  
  42  12:50  Marauder x2  
  46  13:20  Marine x2  
  46  13:21  Marauder x2  
  46  13:22  SCV x2  
  54  13:38  SCV x2  
  50  13:43  Marauder  
  50  13:46  Marine x2  
  50  13:47  Marauder  
  56  13:48  Viking x2  
  60  13:59  Terran Infantry Weapons Level 1  
  60  14:04  Marauder  
  60  14:08  SCV x2  
  64  14:24  Raven  
  57  14:48  Refinery  
  57  14:50  Refinery  
  57  15:10  Siege Tank  
  57  15:11  SCV x2  
  62  15:30  SCV  
  62  15:31  SCV  
  64  15:43  SCV x2  
  64  15:44  Barracks  
  64  15:46  Barracks  
  64  15:47  Barracks  
  66  15:50  Missile Turret, Barracks  
  66  15:55  SCV  
  67  16:21  SCV x2  
  67  16:22  Missile Turret  
  69  16:35  SCV  
  70  16:59  Supply Depot  
  70  17:00  Supply Depot  
  70  17:02  Barracks Tech Lab x2  
  70  17:08  Command Center  
  70  17:10  Barracks Reactor  
  70  17:20  SCV x2  
  70  17:21  Siege Tank  
  75  17:24  Supply Depot  
  75  17:27  Supply Depot  
  75  17:29  Combat Shield  
  75  17:33  SCV  
  75  17:35  Barracks Reactor  
  76  17:40  Viking x2  
  80  17:44  Raven  
  80  17:48  Marine x2  
  80  17:49  Marauder  
  80  17:50  Marauder  
  88  17:53  Siege Tank  
  91  18:00  Supply Depot  
  91  18:04  Supply Depot  
  91  18:10  Viking x2  
  95  18:20  Missile Turret  
  95  18:31  Marauder, Marine x2  
  95  18:32  Marauder, Marine x2  
  95  18:33  Siege Tank  
  106  18:34  Viking  
  106  18:37  Orbital Command  
  106  18:40  Viking  
  110  19:13  Orbital Command  
  110  19:14  Marauder x2, Marine x2  
  110  19:15  Siege Tank  
  110  19:16  Viking x2  
  123  19:22  Planetary Fortress  
  123  19:27  SCV  
  124  19:39  SCV  
  125  19:51  SCV  
  116  20:49  Marauder, Marine x3  
  121  20:50  Siege Tank  
  121  20:51  Viking x2  
  128  21:00  SCV  
  128  21:03  SCV x2  
  131  21:09  Refinery  
  131  21:10  Marauder  
  133  21:11  Refinery  
  133  21:47  Supply Depot  
  133  21:48  Supply Depot  
  133  21:51  Supply Depot  
  133  22:08  Marine x2  
  133  22:09  Marauder, SCV  
  136  22:21  SCV  
  137  22:33  SCV  
  136  22:42  Marauder, Marine x2  
  136  22:44  Siege Tank, Viking x2  
  143  22:45  SCV  
  148  22:57  SCV  
  149  23:03  Marauder, SCV x2  
  153  23:09  Marine x2  
  153  23:10  Marine  
  156  23:16  Viking  
  156  23:19  Raven  
  157  23:22  Viking  
  157  23:39  Siege Tank, Marauder  
  150  23:52  Marine x3  
  153  24:00  Marauder  
  155  24:10  Supply Depot  
  155  24:11  Supply Depot  
  155  24:22  Marauder  
  157  24:33  Supply Depot  
  156  25:19  Stimpack  
  131  26:34  Marauder, Marine x4  
  131  26:39  Widow Mine  
  139  26:40  Viking  
  139  26:41  Viking x2  
  142  26:52  Marine x4  
  135  26:55  Marauder  
  135  26:58  Command Center  
  135  27:00  Widow Mine  
  137  27:09  Marine  
  137  27:10  Viking, Marine x3  
  137  27:11  Viking x2  
  147  27:17  Marauder  
  147  27:22  Widow Mine  
  151  27:27  Marine x2  
  151  27:28  Marine x2  
  155  27:37  Marine  
  155  27:40  Viking  
  155  27:41  Viking x2  
  155  27:43  Widow Mine  
  164  27:45  Orbital Command  
  164  27:55  Marine  
  165  28:04  Widow Mine  
  167  28:10  Viking x3  
  167  28:11  Missile Turret  
  173  28:23  Marauder, Marine x2  
  173  28:24  Marine x2  
  173  28:25  Siege Tank  
  182  28:40  Viking x2  
  188  28:41  Marine  
  188  28:45  Marauder, Raven  
  187  29:10  Viking  
  184  29:27  Raven  
  186  29:45  Marauder, Marine x4  
  189  29:51  SCV x3  
  195  30:01  Refinery  
  195  30:03  Marine  
  196  30:17  Fusion Core  
  196  30:19  Refinery  
  196  30:21  Starport x2  
  196  30:23  Starport x2  
  196  30:29  Missile Turret  
  196  30:30  Missile Turret  
  196  30:49  Missile Turret  
  196  31:18  Missile Turret  
  196  31:20  Missile Turret  
  196  31:32  Missile Turret  
  196  31:38  Missile Turret  
  196  31:39  Missile Turret  
  196  31:51  Missile Turret  
  196  32:06  Supply Depot  
  196  32:10  Supply Depot  
  196  32:22  Supply Depot  
  196  32:28  Viking, Raven  
  200  32:35  Marine x4  
  200  32:36  Viking  
  199  32:38  Marauder  
  198  32:53  Marine x2  
  200  32:59  Starport Tech Lab x2  
  200  33:00  Starport Tech Lab  
  200  33:07  Starport Tech Lab  
  200  33:10  Command Center  
  200  33:12  Missile Turret  
Tags
 
Add a new tag
Caveats
  • Supply blocks, unpowered buildings, or Contaminate may cause inaccurate times.
  • Supply counts are checked every 10 seconds.